 Dungeon Crawl Stone Soup version 0.28-a0-1038-g9c4cb8273d (webtiles) character file.

Game seed: 18158424548029699028

207 enile the Insei (level 5, -5/36 HPs)
             Began as an Octopode Transmuter on Dec 9, 2021.
             Was a Follower of the Shining One.
             Slain by an orc warrior (16 damage)
             ... on level 4 of the Dungeon.
             The game lasted 00:10:19 (4447 turns).

enile the Insei (Octopode Transmuter)               Turns: 4447, Time: 00:10:19

Health: -5/36      AC:  1    Str: 11    XL:     5   Next: 85%
Magic:  2/8        EV: 13    Int: 15    God:    the Shining One [*.....]
Gold:   91         SH:  6    Dex: 13    Spells: 0/8 levels left

rFire   . . .      SeeInvis .     - Unarmed
rCold   . . .      Faith    .   (no shield)
rNeg    . . .      Spirit   .   (helmet currently unavailable)
rPois   .          Reflect  .   (no amulet)
rElec   .          Harm     .   (no ring)
rCorr   .          Rampage  .   (no ring)
Will    .....                   (no ring)
Stlth   +.........              (no ring)
HPRegen 0.12/turn               (no ring)
MPRegen 0.11/turn               (no ring)
                                (no ring)
                                (no ring)

@: divinely shielded, appendages, glowing
A: tentacle spike 3, almost no armour, amphibious, 8 rings, camouflage 1,
gelatinous body 1, (nimble swimmer 1), tentacles
a: End Transformation, Renounce Religion, Divine Shield


You were on level 4 of the Dungeon.
You worshipped the Shining One.
The Shining One was aware of your devotion.
One of your tentacles had grown a beastly spike.
You visited 1 branch of the dungeon, and saw 4 of its levels.

You collected 223 gold pieces.
You spent 132 gold pieces at shops.

Inventory:

Hand Weapons
 p - a +2 rapier of protection
Missiles
 n - 6 javelins
Magical Staves
 i - a staff of air
Wands
 o - a wand of digging (6)
Scrolls
 b - 2 scrolls of teleportation {unknown}
 e - 2 scrolls of vulnerability {unknown}
 h - a scroll of fog {unknown}
 j - a scroll of identify {unknown}
Potions
 a - 2 potions of curing
 c - a potion of haste {unknown}
 d - 3 potions of heal wounds
 f - a potion of resistance {unknown}
 g - a potion of mutation {unknown}
 k - a potion of degeneration
 l - 2 potions of attraction
 m - 3 potions of brilliance {unknown}


   Skills:
 - Level 3.0 Fighting
 - Level 3.0 Dodging
 - Level 1.0 Stealth
 - Level 3.0 Unarmed Combat
 - Level 2.0 Spellcasting
 + Level 1.9 Hexes
 - Level 3.0 Transmutations
 - Level 1.0 Air Magic
 - Level 1.0 Earth Magic
 - Level 1.2 Invocations


You couldn't memorise any spells.
You knew the following spells:

 Your Spells              Type           Power      Damage    Failure   Level
a - Beastly Appendage     Tmut           20%        N/A       6%          1
b - Wereblood             Tmut           10%        N/A       10%         2
c - Passwall              Tmut/Erth      5%         N/A       14%         2
d - Confusing Touch       Hex            7%         N/A       30%         3

Your spell library contained the following spells:

 Spells                   Type           Power      Damage    Failure   Level
 Slow                     Hex            28%        N/A       10%         1
 Sandblast                Erth           8%         2d5       14%         1
 Spider Form              Tmut/Pois      6%         N/A       34%         3
 Stone Arrow              Conj/Erth      6%         3d7       47%         3
 Vampiric Draining        Necr           1%         2d6       54%         3
 Ice Form                 Ice/Tmut       6%         N/A       75%         4


Dungeon Overview and Level Annotations

Branches:
Dungeon (4/15)
 Temple: D:4-7

Altars:
Fedhas
The Shining One

Shops:
D:3 !


Innate Abilities, Weirdness & Mutations

One of your tentacles has grown a beastly spike.
You cannot wear most types of armour.
You are amphibious.
You can wear up to eight rings at the same time.
Your skin changes colour to match your surroundings (Stealth+).
Your rubbery body absorbs attacks. (AC +1, EV +1)
((You are camouflaged near water. (Stealth+)))
You have tentacles for arms and can constrict up to eight enemies at once.


Message History

p - a +2 rapier of protection
There is an open door here.
Things that are here:
a +0 flail; an orc corpse The orc barely misses you.
You barely miss the orc. You grab the orc. You constrict the orc.
You completely miss the orc.
The orc is lightly wounded.
You constrict the orc. The orc warrior barely misses you.
The orc hits you with a +0 dagger.
You release your grip on the orc.
You see here a potion of heal wounds.
d - 3 potions of heal wounds (gained 1)
The orc warrior barely misses you.
Casting: Beastly Appendage (safe; 6% risk of failure)
Confirm with . or Enter, or press ? or * to list all spells.
Okay, then.
Okay, then.
Okay, then.
Casting: Beastly Appendage (safe; 6% risk of failure)
Confirm with . or Enter, or press ? or * to list all spells.
Aiming: Passwall (safe; 14% risk of failure)
Press: ? - help, Dir - move target A rock wall.
This square is lit by a halo.
This rock feels extremely deep.
The orc warrior hits you from afar with a +0 glaive.
The orc warrior misses you.
You fail to use your ability.
The orc barely misses you. The orc warrior closely misses you.
A divine shield forms around you! You block the orc's attack.
The orc warrior closely misses you.
Casting: Passwall (safe; 14% risk of failure)
Confirm with . or Enter, or press ? or * to list all spells.
One of your tentacles grows a vicious spike.
The orc hits you with a +0 dagger.
The orc warrior hits you from afar with a +0 glaive!
The orc closely misses you.
The orc warrior hits you from afar with a +0 glaive!
You die...

#.##..#'###'#..#
#..#..#.. .# .#
#..)o.+.._ ' '
#.##..#.... .
#.##..# ##+
#..#.o# #o.+##'
#o## .. #.@# ...
#### '##'


You could see an orc warrior and an orc.

Vanquished Creatures
  A scorpion (D:3)
  A hound (D:4)
  3 adders
  A worm (D:3)
  4 dart slugs
  2 orcs (D:4)
  9 ball pythons
  8 endoplasms
  5 giant cockroaches
  2 goblins (D:1)
  6 hobgoblins
  6 jackals
  A quokka (D:3)
  6 bats
  6 frilled lizards
  7 kobolds
  7 rats
75 creatures vanquished.

Notes
Turn   | Place    | Note
-------+----------+-------------------------------------------
     0 | D:1      | enile the Octopode Transmuter began the quest for the Orb.
     0 | D:1      | Reached XP level 1. HP: 13/13 MP: 3/3
   440 | D:1      | Reached XP level 2. HP: 19/19 MP: 0/5
   455 | D:1      | Reached skill level 1 in Stealth
   874 | D:2      | Reached XP level 3. HP: 25/25 MP: 4/6
   877 | D:2      | Learned a level 2 spell: Wereblood
  1965 | D:1      | Found a faded altar of an unknown god.
  2004 | D:1      | Prayed at the altar of an unknown god.
  2004 | D:1      | Became a worshipper of the Shining One
  2004 | D:1      | Reached * piety under the Shining One
  2273 | D:1      | Reached XP level 4. HP: 27/31 MP: 5/7
  2505 | D:1      | Learned a level 2 spell: Passwall
  2989 | D:3      | Found Viruel's Distillery.
  2996 | D:3      | Bought a potion of degeneration for 11 gold pieces
  2996 | D:3      | Bought a potion of heal wounds for 55 gold pieces
  2996 | D:3      | Bought a potion of curing for 33 gold pieces
  2996 | D:3      | Bought a potion of attraction for 33 gold pieces
  3294 | D:3      | Noticed a scorpion
  3304 | D:3      | Killed a scorpion
  3305 | D:3      | Reached skill level 1 in Earth Magic
  3305 | D:3      | Reached skill level 1 in Air Magic
  3305 | D:3      | Reached skill level 1 in Invocations
  3305 | D:3      | Reached XP level 5. HP: 33/36 MP: 6/8
  3312 | D:3      | Learned a level 3 spell: Confusing Touch
  3852 | D:4      | Noticed an orc warrior
  4264 | D:4      | Reached skill level 1 in Hexes
  4419 | D:4      | Found a blossoming altar of Fedhas.
  4447 | D:4      | Slain by an orc warrior

Illustrated notes

Levels and vault maps discovered:
D:1:      onia_arrival_pentagram, layout_rooms,
          hellmonk_ecumenical_altar_zigzags, hangedman_abyss_or_decor_stabs,
          minmay_distorted
D:2:      layout_basic
D:3:      layout_basic, serial_shops, nicolae_shop_advertising_works
          [nicolae_subvault_shop_adworks]
D:4:      layout_loops_corners, mainiacjoe_overflow_24_doors, serial_shops,
          shop, uniq_crazy_yiuf_cottage

Skill      XL: |  1  2  3  4  5 |
---------------+----------------+-----
Fighting       | 2 3 |  3.0
Stealth        | 1 |  1.0
Transmutations | 3 |  3.0
Dodging        | 3 |  3.0
Earth Magic    | 1 |  1.0
Air Magic      | 1 |  1.0
Invocations    | 1 |  1.2
Hexes          | 1 |  1.9
Unarmed Combat | |  3.0
Spellcasting   | |  2.0

Action                   |  1- 3 |  4- 6 || total
-------------------------+-------+-------++-------
Melee: Unarmed           |    94 |    62 ||   156
       Kick              |    15 |    17 ||    32
       Constrict         |    23 |    20 ||    43
       Tentacles         |    10 |    11 ||    21
       Punch             |       |     2 ||     2
 Cast: Beastly Appendage |    24 |    17 ||    41
       Wereblood         |     8 |       ||     8
       Passwall          |       |     1 ||     1
Invok: Divine Shield     |       |     1 ||     1
  Use: Potion            |     1 |       ||     1
 Stab: Sleeping          |     2 |       ||     2
Armor: Skin              |     9 |     4 ||    13
Dodge: Dodged            |    75 |    52 ||   127
Block: Other             |       |     1 ||     1

Table legend: (Time is in decaauts)
 A = Elapsed time spent in this place.
 B = Non-inter-level travel time spent in this place.
 C = Inter-level travel time spent in this place.
 D = Time resting spent in this place.
 E = Time spent auto-exploring this place.
 F = Levels seen in this place.
 G = Mean time per level.
                   A        B        C        D        E       F      G
               +--------+--------+--------+--------+--------+-----+--------+
         Total |   4440 |   4195 |    245 |    482 |   3058 |   4 | 1110.0 |
       Dungeon |   4440 |   4195 |    245 |    482 |   3058 |   4 | 1110.0 |
               +--------+--------+--------+--------+--------+-----+--------+

Top non-repeatable levels by time:
     D:3: 1570 daAuts
     D:2: 1417 daAuts
     D:1: 1117 daAuts
     D:4: 334 daAuts
